 Dungeon Crawl Stone Soup version 0.17-a0-1572-g7a1422d (webtiles) character file.

188040 amplicon the Minotaur Blade (level 17, -1/154 HPs)
             Began as a Minotaur Fighter on July 22, 2015.
             Was the Champion of Qazlal.
             Killed by the raging water
             ... invoked by a water nymph
              (12 damage)
             ... on level 2 of the Shoals on July 25, 2015.
             The game lasted 02:59:07 (35227 turns).

amplicon the Minotaur Blade (Minotaur Fighter)     Turns: 35227, Time: 02:59:09

Health: -1/154     AC: 20    Str: 27    XL:     17   Next: 46%
Magic:  21/21      EV: 24    Int: 11    God:    Qazlal [******]
Gold:   2508       SH: 22    Dex: 19    Spells: 0 memorised, 16 levels left

rFire  + + +     SeeInvis .     s - +7 double sword of the Fifty Songs {holy, rElec rC+}
rCold  + . .     Clarity  .     h - +0 scale mail of Anarchy {rElec rF+ Int+4}
rNeg   + . .     SustAt   .     c - +1 shield
rPois  +         Gourm    .     m - +2 hat
rElec  +         Spirit   .     F - +1 cloak {rPois}
rCorr  +         Warding  .     i - +0 pair of gloves
rMut   .         Stasis   .     S - +0 pair of boots
MR     ++...                    X - amulet "Geypn" {rCorr *Confuse rPois rF++ rN+}
Stlth  +.........               D - ring of protection from magic
                                k - ring of Gipoe {Str+3 Int+2}

@: agile, protected from physical damage, very slightly contaminated, hasted,
repel missiles, very quick, very resistant to hostile enchantments, very
unstealthy
A: retaliatory headbutt, horns 2
a: Upheaval, Elemental Force, Disaster Area, Renounce Religion
}: 1/15 runes: serpentine


You were on level 2 of the Shoals.
You worshipped Qazlal.
Qazlal was exalted by your worship.
You were not hungry.

You visited 6 branches of the dungeon, and saw 30 of its levels.

You collected 3404 gold pieces.
You spent 896 gold pieces at shops.

Inventory:

Hand weapons
 s - the +7 double sword of the Fifty Songs (weapon) {holy, rElec rC+}
   (You acquired it on level 7 of the Lair of Beasts)

   It has been blessed by the Shining One to cause great damage to the undead
   and demons.
   It protects you from cold.
   It insulates you from electricity.
 Z - a +2 morningstar of protection
Armour
 c - a +1 shield (worn)
 h - the +0 scale mail of Anarchy (worn) {rElec rF+ Int+4}
   (You bought it in a shop on level 4 of the Orcish Mines)

   It affects your intelligence (+4).
   It protects you from fire.
   It insulates you from electricity.
 i - a +0 pair of gloves (worn)
 m - a +2 hat (worn)
 F - a +1 cloak of poison resistance (worn)
 S - a +0 pair of boots (worn)
Jewellery
 d - an uncursed ring of sustain attributes {unknown}
 k - the ring of Gipoe (left hand) {Str+3 Int+2}
   (You found it on level 1 of the Lair of Beasts)

   [ring of strength]

   It affects your strength (+3).
   It affects your intelligence (+2).
 l - an uncursed ring of see invisible
 y - an uncursed amulet of the gourmand
 D - a ring of protection from magic (right hand)
 X - the amulet "Geypn" (around neck) {rCorr *Confuse rPois rF++ rN+}
   (You found it on level 8 of the Lair of Beasts)

   [amulet of resist corrosion]

   It protects you from acid and corrosion.
   It greatly protects you from fire.
   It protects you from poison.
   It protects you from negative energy.
   It may confuse you when you take damage.
Magical devices
 b - a wand of paralysis (6)
 e - a wand of polymorph (11)
 f - a wand of heal wounds (0)
 q - a wand of digging (4)
 v - a wand of draining (2)
 B - a wand of teleportation (0)
 H - a wand of enslavement (9)
 L - a wand of invisibility (6)
 U - a wand of confusion (4)
Scrolls
 a - a scroll of summoning
 j - 2 scrolls of enchant armour
 r - 2 scrolls of teleportation
 t - 4 scrolls of remove curse
 w - a scroll of fog
 x - a scroll of holy word
 M - 3 scrolls of enchant weapon
 V - 3 scrolls of magic mapping
Potions
 n - 2 potions of flight
 o - 7 potions of agility
 u - 3 potions of invisibility
 z - 5 potions of haste
 E - 8 potions of curing
 K - a potion of beneficial mutation {unknown}
 P - a potion of might
 R - 2 potions of cancellation
Comestibles
 g - 7 meat rations
 p - 5 chunks of flesh
 A - 7 bread rations


   Skills:
 + Level 14.7 Fighting
 - Level 21.1 Long Blades
 - Level 13.3 Maces & Flails
 - Level 14.7 Armour
 - Level 11.6 Dodging
 + Level 10.4 Shields
 * Level 7.5 Invocations
 - Level 3.4 Evocations


You had 16 spell levels left.
You didn't know any spells.

Dungeon Overview and Level Annotations

Branches:
Dungeon (11/15)            Temple (1/1) D:6            Lair (8/8) D:9
 Shoals (2/4) Lair:6        Snake (4/4) Lair:5          Orc (4/4) D:10
    Elf (0/3) Orc:4
  Slime: Lair:6-8

Altars:
Ashenzari
Cheibriados
Dithmenos
Elyvilon
Fedhas
Gozag
Kikubaaqudgha
Makhleb
Nemelex Xobeh
Okawaru
Qazlal
Ru
Sif Muna
Trog
Vehumet
Xom
Yredelemnul
Zin
The Shining One

Shops:
Orc:4 (}[[

Annotations:
D:7 exclusion: statue
Lair:1 Stash
Lair:4 exclusion: oklob plant
Lair:8 exclusion: 2 oklob plants
Snake:3 exclusion: Roxanne, Roxanne


Innate Abilities, Weirdness & Mutations

You reflexively headbutt those who attack you in melee.
You have a pair of horns on your head.


Message History

Your hippogriff bites the alligator snapping turtle!
Your hippogriff pecks the alligator snapping turtle but does no damage.
Your hippogriff claws the alligator snapping turtle.
You hear a shout!
Your merfolk hits the alligator snapping turtle from afar with a trident.
Your hippogriff bites the alligator snapping turtle but does no damage.
Your hippogriff pecks the alligator snapping turtle but does no damage.
Your hippogriff claws the alligator snapping turtle but does no damage.
The water nymph gestures at you while chanting.
The water swirls and strikes you!
* * * LOW HITPOINT WARNING * * *
Drink which item? (? for menu, Esc to quit)
You feel as though your hastened speed will last longer.
Your hippogriff bites the alligator snapping turtle but does no damage.
Your hippogriff pecks the alligator snapping turtle but does no damage.
Your hippogriff claws the alligator snapping turtle but does no damage.
Your merfolk hits the alligator snapping turtle with a trident.
The water nymph gestures at you while chanting.
The water swirls and strikes you!
You die...

≈≈≈≈≈.≈≈≈≈≈≈≈≈......
≈≈≈≈≈≈≈≈≈.≈..≈≈≈≈≈≈.....
≈≈≈≈≈P≈≈..≈†.≈†≈≈≈≈.....
≈≈..≈≈≈≈..≈..†≈≈≈≈≈≈≈≈≈≈
≈≈≈.P≈≈...≈..≈≈≈≈≈≈≈≈≈≈≈
≈≈≈≈.≈≈≈≈.m.††≈≈≈≈≈≈≈≈≈≈
≈≈≈..≈≈≈≈≈m≈.≈§§§§≈≈≈≈≈≈
.≈.%......t((§≈≈@§≈≈≈≈≈≈
(.t...(.(.Hm.§≈≈≈≈≈≈≈≈≈.
###########.≈≈≈§§§≈≈≈≈≈.
#..≈≈≈≈≈PP≈≈≈...
#...≈≈≈≈P≈≈P≈≈...
#...≈.≈≈≈≈≈P≈≈≈...
#.≈≈≈≈≈≈≈≈≈P≈≈≈≈≈≈
..≈≈≈≈≈≈≈≈≈≈≈P≈≈≈≈ ≈
≈≈≈≈≈≈≈


You could see an alligator snapping turtle, a merfolk, a water nymph, a friendly
merfolk and a friendly hippogriff.

Vanquished Creatures
  Vashnia (Snake:3)
  7 greater nagas
  Aizul (Snake:2)
  2 merfolk javelineers (Shoals:2)
  2 merfolk impalers (Shoals:1)
  Erolcha (D:8)
  9 hydras
  13 naga warriors
  A satyr (Shoals:2)
  A merfolk aquamancer (Shoals:1)
  9 anacondas
  5 death yaks
  21 naga sharpshooters
  7 shock serpents
  An orc high priest (Orc:4)
  Nergalle (Lair:4)
  2 salamander mystics (Snake:4)
  3 swamp dragons (Snake:1)
  3 sea snakes
  3 naga ritualists
  2 ice devils (Snake:1)
  A faun (Shoals:2)
  An ugly thing (D:11)
  4 orc sorcerers (Orc:4)
  A cyclops (Shoals:2)
  8 mana vipers
  3 water nymphs
  2 manticores
  14 salamanders
  2 griffons
  39 naga magi
  41 black mambas
  24 elephants
  A guardian serpent (Snake:4)
  A siren (Shoals:1)
  A torpor snail (Lair:5)
  A gargoyle (D:10)
  6 komodo dragons
  3 fire drakes
  23 spiny frogs
  3 two-headed ogres
  3 harpy zombies (Shoals:1)
  6 giant leeches (Lair:8)
  14 merfolk
  A polar bear (Lair:7)
  2 wind drakes
  A trapdoor spider zombie (D:10)
  2 boulder beetles
  2 griffon zombies (Shoals:1)
  A troll (D:11)
  34 blink frogs
  5 water elementals
  2 snapping turtles (Shoals:2)
  A slime creature (Snake:1)
  Sigmund (D:6)
  2 deep elf magi
  A hungry ghost (D:8)
  66 yaks
  A shadow (D:11)
  3 basilisks
  13 hippogriffs
  A mottled dragon (D:11)
  34 nagas
  28 wolves
  2 swamp worms (Snake:1)
  19 porcupines
  11 vampire mosquitoes
  21 water moccasins
  13 orc warriors
  3 wargs
  2 phantoms
  A black bear (Lair:1)
  2 sky beasts
  A necrophage (D:9)
  4 ice beasts
  6 ogres
  A swamp drake (Snake:1)
  5 centaurs
  12 crocodiles
  Blork the orc (D:4)
  A wyvern zombie (D:8)
  32 giant frogs
  A water moccasin zombie (D:8)
  6 killer bees
  A scorpion (D:8)
  A hippogriff zombie (Shoals:1)
  4 electric eels
  4 hounds
  4 crimson imps
  28 orc priests
  2 jellies
  A gnoll shaman (D:7)
  Ijyb (D:2)
  2 centaur skeletons
  Jessica (D:2)
  6 worker ants
  2 hell rats (Lair:4)
  33 orc wizards
  2 giant frog skeletons
  6 iguanas
  A centaur simulacrum (D:9)
  28 sheep
  4 worker ant zombies
  3 gnolls (D:7)
  60 river rats
  10 adders
  A shadow imp (D:7)
  A white imp (D:9)
  An ooze (D:7)
  9 giant geckos
  130 orcs
  A bat zombie (Shoals:1)
  12 hobgoblins
  21 kobolds
  8 quokkas
  12 bats
  5 giant cockroaches
  2 giant gecko skeletons (D:7)
  3 giant newts
  16 goblins
  11 jackals
  A jackal skeleton (D:5)
  2 quokka zombies
  17 rats
  2 bushes
  59 fungi
  53 plants
1213 creatures vanquished.

Vanquished Creatures (collateral kills)
  A sheep (Lair:5)
1 creature vanquished.

Vanquished Creatures (others)
  An elephant (Lair:5)
  A yak (D:11)
  A giant frog (Lair:2)
  An iguana (Lair:2)
  34 fungi
  12 plants
50 creatures vanquished.

Grand Total: 1264 creatures vanquished

Notes
Turn   | Place    | Note
--------------------------------------------------------------
     0 | D:1      | amplicon the Minotaur Fighter began the quest for the Orb.
     0 | D:1      | Reached XP level 1. HP: 19/19 MP: 0/0
   113 | D:1      | Reached skill level 4 in Armour
   113 | D:1      | Reached XP level 2. HP: 24/27 MP: 1/1
   383 | D:2      | Noticed Ijyb
   405 | D:2      | Killed Ijyb
   405 | D:2      | Reached XP level 3. HP: 30/34 MP: 2/2
   461 | D:2      | Found a sacrificial altar of Ru.
   475 | D:2      | Reached skill level 5 in Fighting
   565 | D:2      | Reached XP level 4. HP: 42/42 MP: 3/3
   666 | D:2      | Noticed Jessica
   667 | D:2      | Killed Jessica
   795 | D:2      | Upgraded the game from 0.17-a0-1567-gdd419b1 to 0.17-a0-1572-g7a1422d
  1020 | D:3      | Reached XP level 5. HP: 47/50 MP: 4/4
  1202 | D:3      | Found an ancient bone altar of Kikubaaqudgha.
  1356 | D:3      | Found an opulent altar of Gozag.
  1807 | D:4      | Reached skill level 6 in Fighting
  2072 | D:4      | Found a stormy altar of Qazlal.
  2101 | D:4      | Noticed a phantom
  2131 | D:4      | Killed a phantom
  2131 | D:4      | Reached skill level 5 in Maces & Flails
  2131 | D:4      | Reached XP level 6. HP: 36/58 MP: 5/5
  2244 | D:4      | Noticed Blork the orc
  2257 | D:4      | Killed Blork the orc
  2257 | D:4      | Reached skill level 7 in Fighting
  2578 | D:4      | Noticed a hippogriff
  2588 | D:4      | Killed a hippogriff
  2588 | D:4      | Reached XP level 7. HP: 36/67 MP: 6/6
  3310 | D:5      | Entered Level 5 of the Dungeon
  3453 | D:5      | Reached skill level 8 in Fighting
  4623 | D:5      | Reached skill level 9 in Fighting
  4623 | D:5      | Reached XP level 8. HP: 76/78 MP: 7/7
  4843 | D:6      | Noticed Sigmund
  4857 | D:6      | Killed Sigmund
  5134 | D:6      | Found a staircase to the Ecumenical Temple.
  5154 | Temple   | Entered the Ecumenical Temple
  5271 | Temple   | Became a worshipper of Qazlal Stormbringer
  5497 | D:6      | Reached skill level 10 in Fighting
  5876 | D:7      | Reached XP level 9. HP: 86/86 MP: 8/8
  5937 | D:7      | Found a sparkling altar of Nemelex Xobeh.
  5939 | D:7      | Found a deep blue altar of Sif Muna.
  5940 | D:7      | Found a burning altar of Makhleb.
  5940 | D:7      | Found a glowing silver altar of Zin.
  5941 | D:7      | Found an opulent altar of Gozag.
  5956 | D:7      | Acquired Qazlal's first power
  5977 | D:7      | Reached skill level 10 in Maces & Flails
  6054 | D:7      | Reached skill level 11 in Fighting
  6436 | D:7      | Found a radiant altar of Vehumet.
  6739 | D:8      | Acquired Qazlal's second power
  6823 | D:8      | Reached skill level 12 in Fighting
  7121 | D:8      | Noticed Erolcha
  7131 | D:8      | Killed Erolcha
  7131 | D:8      | Reached XP level 10. HP: 76/100 MP: 9/9
  7586 | D:8      | Reached skill level 13 in Fighting
  8973 | D:9      | Found a staircase to the Lair.
  9003 | Lair:1   | Entered Level 1 of the Lair of Beasts
  9110 | Lair:1   | Reached skill level 1 in Evocations
  9229 | Lair:1   | Reached skill level 5 in Armour
  9232 | Lair:1   | Reached skill level 1 in Dodging
  9272 | Lair:1   | Reached XP level 11. HP: 84/107 MP: 11/11
  9290 | Lair:1   | Acquired Qazlal's third power
  9314 | Lair:1   | Noticed a black mamba
  9324 | Lair:1   | Killed a black mamba
  9967 | Lair:1   | Got a glittering pewter ring
 10547 | Lair:2   | Reached skill level 5 in Dodging
 10578 | Lair:2   | Acquired Qazlal's fourth power
 10595 | Lair:2   | Reached skill level 10 in Armour
 11105 | Lair:2   | Identified the ring of Gipoe {Str+3 Int+2} (You found it on level 1 of the Lair of Beasts)
 11384 | Lair:2   | Reached XP level 12. HP: 98/115 MP: 13/13
 11960 | Lair:3   | Noticed a four-headed hydra
 11975 | Lair:3   | Killed a four-headed hydra
 12664 | Lair:3   | Acquired Qazlal's fifth power
 12954 | Lair:4   | Noticed Nergalle
 12956 | Lair:4   | Noticed an eight-headed hydra
 12966 | Lair:4   | Killed Nergalle
 12967 | Lair:4   | Killed an eight-headed hydra
 13599 | Lair:4   | Reached skill level 10 in Dodging
 14171 | Lair:1   | Identified a scroll of acquirement
 14664 | Lair:4   | Reached XP level 13. HP: 92/122 MP: 14/14
 14925 | Lair:4   | Reached skill level 14 in Armour
 16115 | Lair:5   | Found a staircase to the Snake Pit.
 16988 | Lair:6   | Reached skill level 1 in Invocations
 17066 | Lair:6   | Reached skill level 5 in Shields
 17137 | Lair:6   | Found a staircase to the Shoals.
 18152 | Lair:7   | Got an encrusted double sword
 18153 | Lair:7   | Identified the +7 double sword of the Fifty Songs {holy, rElec rC+} (You acquired it on level 7 of the Lair of Beasts)
 18182 | Lair:7   | Reached skill level 1 in Long Blades
 18279 | Lair:7   | Reached XP level 14. HP: 119/132 MP: 15/15
 18807 | Lair:7   | Reached skill level 5 in Long Blades
 18944 | Lair:8   | Entered Level 8 of the Lair of Beasts
 20436 | Lair:8   | Reached skill level 10 in Long Blades
 21201 | Lair:8   | Got a flickering emerald amulet
 21218 | Lair:8   | Identified the amulet "Geypn" {rCorr *Confuse rPois rF++ rN+} (You found it on level 8 of the Lair of Beasts)
 21605 | D:10     | Entered Level 10 of the Dungeon
 21653 | D:10     | Found a staircase to the Orcish Mines.
 22283 | D:11     | Identified Qaweoc's Papyrus of Attacks
 22623 | Orc:1    | Entered Level 1 of the Orcish Mines
 24240 | Orc:4    | Entered Level 4 of the Orcish Mines
 24734 | Orc:4    | Found a staircase to the Elven Halls.
 24972 | Orc:4    | Reached XP level 15. HP: 132/138 MP: 16/16
 25035 | Orc:4    | Found Bidetir's Antique Weapon Boutique.
 25035 | Orc:4    | Found Awnucomm's Antique Armour Shop.
 25038 | Orc:4    | Found Vunaaruyza's Gadget Boutique.
 25038 | Orc:4    | Found Minebraw's Antique Armour Shop.
 25047 | Orc:4    | Bought a glowing plate armour for 644 gold pieces
 25775 | Snake:1  | Entered Level 1 of the Snake Pit
 26339 | Snake:1  | Reached skill level 15 in Long Blades
 27068 | Snake:2  | Reached skill level 16 in Long Blades
 27796 | Snake:2  | Noticed Aizul
 27819 | Snake:2  | Killed Aizul
 27819 | Snake:2  | Reached skill level 5 in Invocations
 28747 | Snake:3  | Reached skill level 17 in Long Blades
 29208 | Snake:3  | Noticed Vashnia
 29244 | Snake:3  | Killed Vashnia
 29244 | Snake:3  | Reached XP level 16. HP: 85/146 MP: 17/19
 29587 | Snake:3  | Noticed a greater naga
 29595 | Snake:3  | Killed a greater naga
 29686 | Snake:3  | Reached skill level 18 in Long Blades
 29781 | Snake:3  | Noticed Roxanne
 30042 | Snake:4  | Entered Level 4 of the Snake Pit
 30400 | Snake:4  | Reached skill level 19 in Long Blades
 31647 | Snake:4  | Reached skill level 20 in Long Blades
 32122 | Snake:4  | Reached XP level 17. HP: 86/152 MP: 21/21
 32561 | Snake:4  | Reached skill level 21 in Long Blades
 32873 | Snake:4  | Got a serpentine rune of Zot
 33484 | Orc:4    | Bought a brightly glowing scale mail for 252 gold pieces
 33494 | Orc:4    | Identified the +0 scale mail of Anarchy {rElec rF+ Int+4} (You bought it in a shop on level 4 of the Orcish Mines)
 33929 | Shoals:1 | Entered Level 1 of the Shoals
 34561 | Shoals:2 | Reached skill level 10 in Shields
 35227 | Shoals:2 | Killed from afar by a water nymph

Vault maps used:
D:1:      dpeg_arrival_windows_large_door, serial_bayou_lake_a
D:2:      nicolae_ru_awakened_eye, uniq_iyjb, uniq_jessica
D:3:      lemuel_coloured_pillars_altar, minivault_5, grunt_gozag_breadcrumbs
D:4:      first_bread, nicolae_qazlal_general_emergency, uniq_blork_the_orc
D:6:      minmay_temple_entry_junction, uniq_sigmund
D:7:      grunt_temple_overflow_open, vehumet_statue
D:8:      uniq_erolcha
D:9:      david_lair_shrubbed, serial_ice, serial_ice_j, serial_ice_h,
          serial_ice_f, serial_ice_m
D:10:     orc_0_dummy
D:11:     kennysheep_generic_room_10
Temple:   circular_temple_12
Lair:1:   guppyfry_lair_drakes
Lair:2:   lemuel_old_faithful
Lair:3:   grunt_megastairs_1, infiniplex_staircase_pool_2
Lair:4:   kennysheep_rathole, minmay_lair_oklob_bushes, serial_bayou_shore_b,
          infiniplex_staircase_pool, uniq_nergalle
Lair:5:   mu_elephants_graveyard, dummy_snake_entry
Lair:6:   minmay_shoals_entry_centaurs
Lair:8:   minmay_lair_end_frog_pond, minmay_slime_entry_oklob_open,
          nicolae_quartered_pool_little
Shoals:1: cheibrodos_shoals_oceanic_diplomacy, serial_shops,
          nicolae_shop_waterfront, nicolae_shoals_undead_eyrie
Shoals:2: nicolae_shoals_seven_spires, nicolae_shoals_hunting_party
Snake:1:  onia_ninara_swampy_vault, portal_ice_cave_demonic_guard, st_stairs_7,
          grunt_ministairs_1
Snake:2:  grunt_megastairs_2, uniq_aizul
Snake:3:  uniq_roxanne, uniq_vashnia
Snake:4:  snake_pit, grunt_ministairs_11, grunt_megastairs_4
Orc:3:    nicolae_orc_pool_cavern
Orc:4:    st_orc_mages

Action                   |  1- 3 |  4- 6 |  7- 9 | 10-12 | 13-15 | 16-18 || total
-------------------------+-------+-------+-------+-------+-------+-------++-------
Melee: Flail             |    66 |   122 |   118 |       |       |       ||   306
       Mace              |       |       |   261 |   732 |       |       ||   993
       Morningstar       |       |       |       |    21 |   383 |       ||   404
       Double sword      |       |       |       |       |  1010 |   724 ||  1734
Invok: Elemental Force   |       |       |       |       |     1 |       ||     1
       Disaster Area     |       |       |       |       |     1 |     1 ||     2
Evoke: Wand              |       |       |     1 |     6 |     1 |     9 ||    17
  Use: Scroll            |       |     2 |    16 |    11 |    12 |    10 ||    51
       Potion            |       |       |     5 |     7 |     2 |     8 ||    22
  Eat: Chunk             |       |     2 |     9 |    15 |    35 |     1 ||    62
       Bread ration      |       |     1 |       |       |     4 |     2 ||     7
       Meat ration       |       |       |     1 |       |       |     1 ||     2
       Fruit             |       |       |       |     3 |       |     1 ||     4
       Beef jerky        |       |       |       |     2 |       |     1 ||     3
       Royal jelly       |       |       |       |     2 |       |       ||     2
       Pizza             |       |       |       |     1 |     1 |       ||     2
